 Dungeon Crawl Stone Soup version 0.31.0-11-ge490571c62 (webtiles) character file.

Game seed: 8073371514245438383

32 qw the Shooter (level 3, -2/18 HPs)
             Began as a Spriggan Hunter on Feb 4, 2024.
             Slain by Natasha (7 damage)
             ... on level 1 of the Dungeon.
             The game lasted 00:00:02 (697 turns).

qw the Shooter (Spriggan Hunter)                     Turns: 697, Time: 00:00:02

Health: -2/18      AC:  2    Str:  7    XL:     3   Next: 8%
Magic:  4/4        EV: 19    Int: 10    God:
Gold:   28         SH:  0    Dex: 20    Spells: 2/2 levels left

rFire   + . .        a - +0 shortbow
rCold   + . .        (shield currently unavailable)
rNeg    . . .        c - +0 robe
rPois   +            (helmet restricted)
rElec   +            (no cloak)
rCorr   +            (gloves unavailable)
SInv    +            (boots unavailable)
Will    .....        (no amulet)
Stlth   ++           (no ring)
HPRegen 0.23/turn    (no ring)
MPRegen 0.09/turn

%: no passive effects
@: resistant (expiring), very quick
A: very small, no large weapons, unfitting armour, see invisible, speed 3
a: no special abilities


You were on level 1 of the Dungeon.
You visited 1 branch of the dungeon, and saw 2 of its levels.

You collected 28 gold pieces.


Innate Abilities, Weirdness & Mutations

You are very small and have problems with some larger weapons.
You are too small for most types of armour.
You have supernaturally acute eyesight. (SInv)
You cover ground extremely quickly. (Speed+++)


   Skills:
 - Level 1.5 Fighting
 + Level 4.4 Ranged Weapons
 - Level 4.0 Dodging
 - Level 1.5 Stealth


You had 2 spell levels left.
You didn't know any spells.
Your spell library was empty.

Inventory:

Hand Weapons
 a - a +0 shortbow (weapon)
Armour
 c - a +0 robe (worn)
Potions
 e - a potion of resistance
 f - a potion of haste
 g - a potion of cancellation

Dungeon Overview and Level Annotations

Branches:
Dungeon (2/15)

Altars:

Annotations:
D:1 Natasha


Message History

Natasha is lightly wounded.
Natasha completely misses you.
You shoot an arrow. The arrow closely misses Natasha.
Natasha completely misses you.
You shoot an arrow. The arrow hits Natasha.
Natasha is heavily wounded.
Natasha completely misses you. Natasha misses you.
You shoot an arrow. The arrow completely misses Natasha.
Natasha claws you.
You shoot an arrow. The arrow closely misses Natasha.
Natasha claws you but does no damage.
You shoot an arrow. The arrow hits Natasha.
Natasha is severely wounded.
Natasha barely misses you.
You shoot an arrow. The arrow closely misses Natasha.
Natasha completely misses you.
You shoot an arrow. The arrow closely misses Natasha.
Natasha barely misses you.
You shoot an arrow. The arrow barely misses Natasha.
Natasha closely misses you.
You shoot an arrow. The arrow barely misses Natasha.
Natasha mumbles some strange words.
Natasha barely misses you.
693 ||| STAIRDANCE Natasha closely misses you.
The cerulean imp completely misses you.
You climb upwards.
The cerulean imp disappears in a puff of smoke!
There is a stone staircase leading down here.
You shoot an arrow. The arrow barely misses Natasha.
Natasha casts a spell.
You shoot an arrow.
The arrow hits Natasha but does no damage.
Natasha is severely wounded.
You start to feel less resistant.
Natasha closely misses you.
The cerulean imp hits you with a +3 spear.
You shoot an arrow. The arrow closely misses Natasha.
Natasha claws you!
You die...
Natasha curls up and begins to purr.

#.# #.##.....# #.##.#
###########.###.##.###.#####.##.#
.................#.# #.......##.#
.#.############..#.# ####.#####.#
...#......#...#..#.# #....##.#
####.###..#...#...)# #.##....#
#.#....#'####.########.#######
##.#.}....#.##h####............
##..)...#..#.#.@...'.....#######
##.....####.'.##5####.....# #
.........#..#.##.# #....)# #
.###.#.}....#.##.# #.....# # .#
#.#....#'####.# #.....# # .#
#.###..#...##.# #.....# # .#
#......#.<.##.# #.....# ##### .#
#############.# #####.# #.... .#
#.# #.###.###


You could see Natasha and a cerulean imp (summoned).

Vanquished Creatures
  3 dart slugs (D:1)
  3 bats (D:1)
  3 endoplasms (D:1)
  2 giant cockroaches (D:1)
  2 goblins (D:1)
  2 hobgoblins (D:1)
  4 quokkas (D:1)
  A frilled lizard (D:1)
  2 rats (D:1)
22 creatures vanquished.

Notes
Turn   | Place    | Note
-------+----------+-------------------------------------------
     0 | D:1      | qw the Spriggan Hunter began the quest for the Orb.
     0 | D:1      | Reached XP level 1. HP: 10/10 MP: 2/2
     0 | D:1      | 0 ||| qw: Version: 0.3-a-160-g6735b56
     0 | D:1      | 0 ||| qw: Game counter: 4558
     0 | D:1      | 0 ||| qw: Melee chars always use a shield: true
     0 | D:1      | 0 ||| qw: God list: Okawaru
     0 | D:1      | 0 ||| qw: Allow faded altars: false
     0 | D:1      | 0 ||| qw: Do Orc after clearing Dungeon:15 true
     0 | D:1      | 0 ||| qw: Do second Lair branch before Depths: true
     0 | D:1      | 0 ||| qw: Lair rune preference: random
     0 | D:1      | 0 ||| qw: Goals: Normal
     0 | D:1      | 0 ||| PLANNING D:1-11
    51 | D:1      | Reached skill level 3 in Dodging
    71 | D:1      | Reached XP level 2. HP: 13/14 MP: 3/3
   609 | D:1      | Reached XP level 3. HP: 18/18 MP: 4/4
   642 | D:1      | 642 ||| READING 2 scrolls labelled OGAPPI XEUMIAS.
   642 | D:1      | 642 ||| IDENTIFYING murky yellow potion
   643 | D:1      | 643 ||| READING scroll of identify.
   643 | D:1      | 643 ||| IDENTIFYING white potion
   644 | D:1      | 644 ||| READING scroll labelled TEKHOB KUDGHAIT.
   644 | D:1      | 644 ||| ENCHANTING +0 shortbow.
   645 | D:1      | 645 ||| DRINKING 2 viscous green potions.
   646 | D:1      | 646 ||| DROPPING scroll of butterflies.
   677 | D:2      | Noticed Natasha
   693 | D:2      | 693 ||| STAIRDANCE
   697 | D:1      | Slain by Natasha

Levels and vault maps discovered:
D:1:      dpeg_arrival_court, layout_basic
D:2:      layout_rooms, serial_aquarium, aquarium_bridge_island_small
          [aquarium_subvault_small_open, aquarium_subvault_bridge,
          aquarium_subvault_wall, aquarium_subvault_window,
          aquarium_subvault_balcony], aquarium_window_corridor_2,
          aquarium_window_fake, aquarium_view_2d, aquarium_view_2d,
          aquarium_balcony_3a, aquarium_pool_1, uniq_crazy_yiuf_cottage,
          uniq_natasha

Skill      XL: |  1  2 |
---------------+-------+-----
Dodging        | 3 4 |  4.0
Fighting       | |  1.5
Ranged Weapons | |  4.4
Stealth        | |  1.5

Action                     || total
---------------------------++-------
   Fire: Shortbow          ||    71
    Use: Scroll            ||     3
         Potion            ||     1
 Armour: Robe              ||    11
  Dodge: Dodged            ||    34

Table legend:
 A = Non-vault XP
 B = Vault XP
 C = Vault XP percentage of total XP
 D = Non-vault monster count
 E = Vault monster count
 F = Vault count percentage of total count
                 A         B        C        D         E       F
            +---------+---------+-------+---------+---------+-------
      Total |      46 |       0 |   0.0 |      22 |       0 |   0.0
            +---------+---------+-------+---------+---------+-------
        D:1 |      46 |       0 |   0.0 |      22 |       0 |   0.0
            +---------+---------+-------+---------+---------+-------
